 Dungeon Crawl Stone Soup version 0.19-a0-1821-g42c593c (webtiles) character file.

51 Amnesiac the Cudgeler (level 3, -2/39 HPs)
             Began as an Ogre Abyssal Knight on Oct 6, 2016.
             Was a Follower of Lugonu.
             Slain by a gnoll
             ... wielding a +0 halberd
              (9 damage)
             ... on level 2 of the Dungeon.
             The game lasted 00:02:07 (974 turns).

Amnesiac the Cudgeler (Ogre Abyssal Knight)          Turns: 974, Time: 00:02:08

Health: -2/39      AC:  3    Str: 17    XL:     3   Next: 81%
Magic:  4/4        EV: 10    Int: 11    God:    Lugonu [*.....]
Gold:   153        SH:  0    Dex: 10    Spells: 0 memorised, 2 levels left

rFire  . . .     SeeInvis .     a - +1 mace
rCold  . . .     Gourm    .     j - +0 robe (curse)
rNeg   . . .     Faith    .     (no shield)
rPois  .         Spirit   .     (helmet restricted)
rElec  .         Dismiss  .     (no cloak)
rCorr  .         Reflect  .     (gloves unavailable)
MR     .....     Harm     .     (boots unavailable)
Stlth  +.........               (no amulet)
                                (no ring)
                                (no ring)

@: no status effects
A: unfitting armour, tough skin 1
a: Depart the Abyss, Renounce Religion


You were on level 2 of the Dungeon.
You worshipped Lugonu.
Lugonu was aware of your devotion.
You were not hungry.

You visited 1 branch of the dungeon, and saw 2 of its levels.
You visited the Abyss 1 time.

You collected 153 gold pieces.

Inventory:

Hand Weapons
 a - a +1 mace (weapon)
Missiles
 k - 5 tomahawks (quivered)
Armour
 j - a cursed +0 robe (worn)
Scrolls
 b - a scroll of noise {unknown}
 d - a scroll of remove curse {unknown}
 e - 2 scrolls of identify {unknown}
 h - a scroll of fog {unknown}
 l - a scroll of enchant armour {unknown}
Potions
 f - a potion of flight {unknown}
 g - a potion of lignification {unknown}
 i - a potion of might {unknown}
Comestibles
 c - a bread ration


   Skills:
 - Level 4.0 Fighting
 + Level 5.3 Maces & Flails
 - Level 2.1 Dodging
 - Level 2.0 Invocations


You had 2 spell levels left.
You didn't know any spells.

Dungeon Overview and Level Annotations

Branches:
Dungeon (2/15)

Altars:
Elyvilon


Innate Abilities, Weirdness & Mutations

You are too large for most types of armour.
You have tough skin. (AC +1)


Message History

You barely miss the gnoll.
The gnoll is heavily wounded.
The gnoll hits you with a halberd.
You hit the gnoll.
The gnoll is severely wounded.
The gnoll hits you with a halberd.
* * * LOW HITPOINT WARNING * * *
You closely miss the gnoll.
The gnoll is severely wounded.
The gnoll hits you with a whip.
* * * LOW HITPOINT WARNING * * *
The gnoll hits you with a whip.
* * * LOW HITPOINT WARNING * * *
You closely miss the gnoll.
The gnoll is severely wounded.
The gnoll closely misses you. The gnoll barely misses you.
You hit the gnoll but do no damage.
The gnoll is severely wounded.
The gnoll hits you with a halberd!
You die...

.......# .......# ######
.......# ##.... ##..####
###...### . #..# #≈≈...≈≈#
... #..# ##≈..♣..≈#.....
#..# ##.....†......$. #..#
#..)♣._.♣....... ##..###
#.....@g...[.... #.....#
#.#≈..♣g.≈#.....
#.###..####.#≈≈...≈≈#.....
..# #...)..###...### .#..
### ###.#####...## # #
#### #.#####.### ...#
#.##.....## ##.##
#.........## ..#
##(........#


You could see 2 gnolls.

Vanquished Creatures
  A gnoll (D:2)
  2 oozes (D:1)
  A dart slug (D:2)
  A leopard gecko (D:1)
  A ball python (D:1)
  4 hobgoblins
  9 kobolds
  A quokka (D:2)
  A bat (D:1)
  3 frilled lizards (D:1)
  2 goblins (D:1)
  3 rats (D:1)
29 creatures vanquished.

Notes
Turn   | Place    | Note
-------+----------+-------------------------------------------
     0 | Abyss:1  | Amnesiac the Ogre Abyssal Knight began the quest for the Orb.
     0 | Abyss:1  | Reached XP level 1. HP: 24/24 MP: 2/2
    32 | Abyss:1  | Found a corrupted altar of Lugonu.
    33 | Abyss:1  | Noticed a neqoxec
    33 | Abyss:1  | Noticed a small abomination
    53 | Abyss:1  | Noticed a raiju
    57 | D:1      | Escaped the Abyss
   163 | D:1      | Reached skill level 3 in Maces & Flails
   179 | D:1      | Reached XP level 2. HP: 24/32 MP: 3/3
   316 | D:1      | Reached * piety under Lugonu
   339 | D:1      | Reached skill level 4 in Maces & Flails
   550 | D:1      | Reached XP level 3. HP: 20/39 MP: 4/4
   836 | D:2      | Found a faded altar of an unknown god.
   866 | D:2      | Reached skill level 5 in Maces & Flails
   951 | D:2      | Found a white marble altar of Elyvilon.
   974 | D:2      | Slain by a gnoll

Vault maps used:
D:1:      roderic_crossed_star
D:2:      overflow_temple_1_default, elyvilon_altar_4, lemuel_blue_sif_altar,
          ecumenical_altar_1, uniq_jessica
Abyss:1:  minivault_23

Skill      XL: |  1  2  3 |
---------------+----------+-----
Maces & Flails | 3 4 5 |  5.3
Fighting       | |  4.0
Dodging        | |  2.1
Invocations    | |  2.0

Action                   || total
-------------------------++-------
Melee: Mace              ||   108
Invok: Depart the Abyss  ||     1
 Stab: Distracted        ||     1
Armor: Robe              ||    31
Dodge: Dodged            ||    50
